 Dungeon Crawl Stone Soup version 0.17.2-1-ge4368a0 (webtiles) character file.

373103 Goblin1989 the Acrobat (level 21, 0/115 HPs)
             Began as a Spriggan Assassin on Sept 29, 2016.
             Was the Champion of Dithmenos.
             Killed by the air
             ... invoked by a wind drake
              (17 damage)
             ... on level 2 of the Depths on Sept 30, 2016.
             The game lasted 08:43:41 (67684 turns).

Goblin1989 the Acrobat (Spriggan Assassin)         Turns: 67684, Time: 08:43:41

Health: 0/115      AC:  8    Str:  7    XL:     21   Next: 73%
Magic:  37/46      EV: 41    Int: 22    God:    Dithmenos [******]
Gold:   4615       SH: 11    Dex: 27    Spells: 12 memorised, 19 levels left

rFire  + + .     SeeInvis +     a - +7 quick blade (drain)
rCold  . . .     Clarity  .     L - +0 troll leather armour
rNeg   + + .     SustAt   .     d - +1 buckler of the Sky {Dex+2}
rPois  +         Gourm    .     H - +1 hat
rElec  +         Spirit   .     w - +2 cloak {MR+}
rCorr  .         Warding  .     (gloves unavailable)
rMut   .         Stasis   .     (boots unavailable)
MR     ++++.                    r - amulet of regeneration
Stlth  ++++++++++               J - ring of Ydoh {rElec rF+ rN++ SInv}
                                I - ring "Horuetop" {rF+ Int+7 Stlth-}

@: regenerating, wreathed by umbra, very quick, incredibly resistant to hostile
enchantments, uncannily stealthy
A: unfitting armour, see invisible, herbivore 3, speed 3, poison resistance,
slow metabolism 2
a: Shadow Step, Shadow Form, Renounce Religion
}: 2/15 runes: decaying, gossamer


You were on level 2 of the Depths.
You worshipped Dithmenos.
Dithmenos was exalted by your worship.
You were not hungry.

You visited 9 branches of the dungeon, and saw 45 of its levels.
You visited the Abyss 1 time.
You visited 1 bazaar.
You also visited: Labyrinth and Ice Cave.

You collected 5903 gold pieces.
You spent 1288 gold pieces at shops.

Inventory:

Hand Weapons
 a - a +7 quick blade of draining (weapon)
 b - a +6 blowgun {@w1}
Missiles
 e - 48 poisoned needles
 i - 4 needles of paralysis
 z - 4 curare-tipped needles
 W - 4 needles of confusion
 Z - 4 throwing nets (quivered)
Armour
 d - the +1 buckler of the Sky (worn) {Dex+2}
   (You found it on level 3 of the Swamp)

   It affects your dexterity (+2).
 w - a +2 cloak of magic resistance (worn)
 H - a +1 hat (worn)
 L - a +0 troll leather armour (worn)
Jewellery
 c - an uncursed ring of protection from cold
 f - an uncursed ring of protection from fire
 j - an uncursed amulet of resist mutation
 r - an amulet of regeneration (around neck)
 t - an uncursed ring of teleportation
 C - an uncursed ring of protection from cold
 D - an uncursed ring of sustain attributes
 I - the ring "Horuetop" (left hand) {rF+ Int+7 Stlth-}
   (You took it off a deep elf death mage on level 3 of the Elven Halls)

   [ring of protection from fire]

   It affects your intelligence (+7).
   It protects you from fire.
   It makes you less stealthy.
 J - the ring of Ydoh (right hand) {rElec rF+ rN++ SInv}
   (You found it on level 4 of the Vaults)

   [ring of protection from fire]

   It protects you from fire.
   It insulates you from electricity.
   It greatly protects you from negative energy.
   It lets you see invisible.
Wands
 h - a wand of heal wounds (3) {@v2}
 m - a wand of disintegration (12)
 y - a wand of disintegration (9)
 G - a wand of digging (8)
 X - a wand of hasting (0) {@v3}
Scrolls
 k - 10 scrolls of fog
 n - 25 scrolls of remove curse {@r2}
 v - 10 scrolls of fear
 x - 2 scrolls of silence {!r}
 B - 8 scrolls of blinking
 M - a scroll of magic mapping
 O - 2 scrolls of recharging
 R - 7 scrolls of identify {@r1}
 S - 4 scrolls of amnesia
 T - 3 scrolls of teleportation {@r4}
Potions
 l - 5 potions of magic
 p - 4 potions of brilliance
 s - a potion of lignification {!q}
 u - 6 potions of flight
 A - 3 potions of heal wounds {@q2}
 E - 2 potions of resistance
 F - 23 potions of curing {@q1}
 N - a potion of might
 Q - 4 potions of ambrosia {!q}
 U - a potion of invisibility
 V - a potion of cancellation
Miscellaneous
 o - 2 phantom mirrors
 q - a fan of gales
Comestibles
 g - 18 bread rations


   Skills:
 - Level 14.0 Fighting
 - Level 10.1 Short Blades
 - Level 3.8 Throwing
 - Level 3.0 Armour
 - Level 22.5 Dodging
 - Level 15.4 Stealth
 - Level 7.2 Shields
 - Level 20.3 Spellcasting
 - Level 2.4 Hexes
 - Level 14.4 Charms
 - Level 5.0 Necromancy
 - Level 9.5 Translocations
 - Level 7.1 Transmutations
 - Level 5.0 Air Magic
 - Level 11.1 Invocations
 + Level 13.7 Evocations


You had 19 spell levels left.
You knew the following spells:

 Your Spells              Type           Power        Failure   Level  Hunger
a - Death's Door          Chrm/Necr      ######....   100%        8    ######.
c - Passwall              Trmt/Erth      #####.....   1%          3    None
f - Repel Missiles        Chrm/Air       ######       1%          2    None
g - Passage of Golubria   Tloc           N/A          1%          4    None
h - Shroud of Golubria    Chrm/Tloc      ######....   1%          2    None
o - Apportation           Tloc           ######....   1%          1    None
p - Phase Shift           Tloc           ######....   1%          5    None
y - Song of Slaying       Chrm           ######..     0%          2    None
H - Haste                 Chrm           ######..     1%          6    ###....
R - Regeneration          Chrm/Necr      ######....   1%          3    None
W - Spectral Weapon       Hex/Chrm       ######..     1%          3    None
Z - Sublimation of Blood  Necr           #####.....   1%          2    None


Dungeon Overview and Level Annotations

Branches:
Dungeon (15/15)            Temple (1/1) D:4            Lair (8/8) D:9
  Swamp (4/4) Lair:3       Spider (4/4) Lair:3        Slime (0/6) Lair:6
    Orc (4/4) D:10            Elf (3/3) Orc:3        Vaults (4/5) D:14
  Crypt (0/3) Vaults:3     Depths (2/5) D:15

Altars:
Ashenzari
Cheibriados
Dithmenos
Elyvilon
Gozag
Kikubaaqudgha
Okawaru
Qazlal
Trog
Xom
Lugonu

Shops:
D:13 (   Orc:4 }[(!   Elf:2 %}((   Vaults:2 :

Portals:
Hell: Depths:1
Abyss: Depths:1
Trove: Depths:1 (give +5 demon blade)

Annotations:
D:4 Goblin1989's ghost, amateur DsFi
Lair:6 exclusion: oklob plant
Elf:1 exclusion: downstairs
Elf:2 1 exclusion
Vaults:4 Mara; Sojobo


Innate Abilities, Weirdness & Mutations

You are tiny and cannot use many weapons and most armour.
You have supernaturally acute eyesight.
You are a herbivore.
You cover ground extremely quickly.
You need consume almost no food.
Your system is resistant to poisons.


Message History

The wind drake flaps its wings at you. The air twists around and strikes you!
Something completely misses your spectral weapon.
Something hits your spectral weapon!
Your spectral weapon shares its damage with you!
The air around your spectral weapon erupts in flames!
Your spectral weapon resists.
Your spectral weapon shares its damage with you!
Something burns your spectral weapon.
* * * LOW HITPOINT WARNING * * *
You take 16 damage, and have 30/115 hp.
The wind drake flaps its wings at you. The air twists around and strikes you!
* * * LOW HITPOINT WARNING * * *
You take 17 damage, and have 15/115 hp.
The mace of protection is engulfed in roaring flames.
The mace of protection is engulfed in roaring flames.
The wind drake flaps its wings at you. The air twists around and strikes you!
You die... ਜ.......≈≈ਜ ਜ ਜ.......≈≈ਜ .ਜ ਜ.......≈§ਜ ਜਜਜਜਜਜਜਜਜ

ਜ.ਜ ਜ......§§≈ਜ ਜ.......ਜਜ ਜ..ਜਜਜ
ਜ......§≈§ਜਜਜਜਜ........ਜਜ.....ਜ
ਜਜ........§≈≈§≈ਜ........ਜ.......
ਜਜ.......§§.§≈≈≈ਜ..ਜ§ਜ.ਜ§ਜ......ਜ
ਜ..†..........E.∆...§(§NE∆......ਜ
).>.............@(.E§8§k§∆......>
ਜ...............∆....k(§.∆.(....ਜ
ਜਜ..........≈≈≈≈ਜ..ਜ.ਜ.ਜ.ਜ......ਜ
ਜਜ........≈≈§≈≈ਜ........ਜ.......
ਜ.......≈≈ਜਜਜਜਜ........ਜਜ.....ਜ
ਜ.......§≈ਜ ਜ.......ਜਜ ਜ..ਜਜਜ
ਜ.......≈≈ਜ


ਜਜਜਜਜਜਜਜਜ ਜ.ਜ ਜ.......≈≈ਜ ਜ.......≈§ਜ You could see a salamander firebrand
(wandering), a crystal guardian, 2 wind drakes, an earth elemental, a fire
elemental and 2 dancing weapons.

Vanquished Creatures
  Frederick (Vaults:3)
  Norris (Vaults:1)
  Nikola (Swamp:1)
  2 deep elf blademasters (Elf:3)
  2 liches
  3 deep elf master archers (Elf:3)
  Frances (D:14)
  3 thorn hunters
  Kirke (Spider:3)
  3 tengu reavers
  A frost giant (Vaults:3)
  3 vault wardens
  Maud (D:13)
  11 deep elf sorcerers
  A fire giant (Vaults:3)
  Aizul (Orc:3)
  Louise (Depths:1)
  4 ghost moths (Spider:4)
  7 war gargoyles
  6 emperor scorpions
  8 ironheart preservers
  5 stone giants
  5 very ugly things
  A salamander stormcaller (Vaults:2)
  Azrael (D:13)
  13 deep elf annihilators
  9 deep elf demonologists
  Snorg (Orc:1)
  7 crystal guardians
  A minotaur (Lab)
  10 deep elf death magi
  8 yaktaur captains
  2 jiangshi (Vaults:3)
  5 vault guards (Depths:1)
  3 fire dragons
  4 entropy weavers
  2 ettins
  3 great orbs of eyes
  6 deep elf high priests
  Fannar (Orc:2)
  Harold (D:11)
  3 rakshasas
  2 ice dragons
  A catoblepas (D:15)
  22 hydras
  Erica (D:11)
  10 alligators
  13 dancing weapons
  15 ogre magi
  5 death yaks (Lair:8)
  10 centaur warriors
  A tengu warrior (D:13)
  3 deep troll earth magi (D:15)
  A satyr (shapeshifter) (Depths:2)
  An orc high priest (Orc:4)
  Urug (Orc:2)
  13 deep elf knights
  Sonja (Lair:2)
  A deep troll shaman (D:15)
  An iron golem (Depths:2)
  3 fire crabs
  11 deep trolls
  3 unseen horrors
  3 spriggan druids (Swamp:4)
  2 shadow wraiths
  9 hill giants
  9 ironbrand convokers
  15 swamp dragons
  12 deep elf summoners
  5 giant orange brains
  A lindwurm (Lair:3)
  2 harpies (shapeshifter)
  2 shambling mangroves
  2 phantasmal warriors (Vaults:3)
  A wizard (Vaults:3)
  13 orc knights
  2 flayed ghosts
  11 deep elf conjurers
  25 wolf spiders
  9 griffons
  A wolf spider zombie (D:15)
  2 manticores (Elf:1)
  A necromancer (Vaults:1)
  A mana viper (shapeshifter) (Depths:2)
  27 ugly things
  A faun (shapeshifter) (Depths:2)
  19 orb spiders
  2 orc sorcerers
  4 cyclopes
  6 hornets
  20 elephants
  A hornet (shapeshifter) (D:15)
  3 molten gargoyles (Depths:2)
  7 vault sentinels
  A salamander (shapeshifter) (Depths:2)
  2 moths of wrath
  An octopode (shapeshifter) (Vaults:4)
  Joseph (Lair:1)
  A guardian serpent (Lair:8)
  30 spiny frogs
  5 orange demons (Elf:1)
  2 centaur skeletons
  9 black mambas
  A torpor snail (shapeshifter) (Depths:2)
  3 gargoyles
  A torpor snail (Lair:4)
  A spiny frog (shapeshifter) (D:14)
  10 komodo dragons
  A salamander skeleton (Vaults:1)
  27 yaktaurs
  A large abomination (Abyss:1)
  12 demonic crawlers
  8 kobold demonologists
  16 deep elf priests
  28 jumping spiders
  2 fire drakes
  9 freezing wraiths
  A wind drake (shapeshifter) (Vaults:1)
  A blink frog (shapeshifter) (Elf:3)
  A two-headed ogre (shapeshifter) (Vaults:1)
  A blue devil (IceCv)
  A jumping spider (shapeshifter) (Vaults:2)
  2 wind drakes (Depths:2)
  10 polar bears
  6 trolls
  13 bog bodies
  11 giant leeches
  38 two-headed ogres
  6 raiju
  13 boulder beetles
  37 blink frogs
  A shadow (D:10)
  4 air elementals (Depths:2)
  30 slime creatures
  A centaur simulacrum (D:12)
  24 redbacks
  13 trapdoor spiders
  3 spriggans
  29 deep elf magi
  A hog (shapeshifter) (Depths:2)
  A human (shapeshifter) (Depths:2)
  A yaktaur simulacrum (Vaults:1)
  20 vampire mosquitoes
  A fire bat (shapeshifter) (Elf:1)
  2 golden eyes (shapeshifter)
  11 water elementals
  17 tarantellas
  7 hippogriffs
  73 yaks
  29 deep elf fighters
  4 wraiths
  6 basilisks
  A neqoxec (Abyss:1)
  23 swamp worms
  8 fire elementals
  3 hungry ghosts
  18 wolves
  16 water moccasins
  25 insubstantial wisps
  2 mottled dragons
  An ogre skeleton (Vaults:1)
  Duvessa (D:4)
  6 hell hounds
  9 wargs
  11 spiders
  11 porcupines
  3 sky beasts
  10 swamp drakes
  10 ice beasts
  13 wasps
  2 phantoms
  14 black bears
  An ettin simulacrum (Vaults:2)
  An eye of draining (D:12)
  64 ogres
  An eye of draining (shapeshifter) (Depths:2)
  12 boggarts
  2 necrophages (D:8)
  24 orc warriors
  17 crocodiles
  17 centaurs
  Blork the orc (D:4)
  6 big kobolds
  A brain worm (D:15)
  19 giant frogs
  A gnoll sergeant (D:8)
  8 earth elementals (Depths:2)
  15 scorpions
  Dowan (D:4)
  A killer bee (shapeshifter) (Depths:1)
  5 wights (D:12)
  4 electric eels
  18 killer bees
  2 crimson imps
  4 jellies
  4 quasits
  2 small abominations
  4 giant frog zombies
  3 centaur zombies
  25 orc priests
  20 hounds
  14 worker ants
  Jessica (D:2)
  A giant frog skeleton (D:13)
  31 orc wizards
  Terence (D:2)
  5 iguanas
  A killer bee zombie (D:6)
  23 sheep
  A wasp simulacrum (D:12)
  A worker ant zombie (D:11)
  Robin (D:2)
  8 gnolls
  19 adders
  34 river rats
  2 shadow imps
  4 white imps
  An ooze (D:4)
  2 ufetubi (D:12)
  2 adder skeletons (D:4)
  6 worms
  182 orcs
  3 ball pythons
  10 bats
  A giant cockroach (D:5)
  7 hobgoblins
  18 jackals
  4 quokkas
  3 giant geckos
  4 giant newts
  8 goblins
  15 kobolds
  A quokka skeleton (D:4)
  3 rats
  A crawling corpse (Elf:1)
1969 creatures vanquished.

Vanquished Creatures (others)
  A sphinx (shapeshifter) (Depths:2)
  A thorn hunter (Swamp:4)
  10 ball lightnings (Depths:2)
  A swamp dragon (Swamp:4)
  A deep elf mage (Orc:3)
  A human (Spider:3)
  A wolf (Lair:8)
  A boggart (Vaults:3)
  An ufetubus (Abyss:1)
  A briar patch (Swamp:3)
  20 fungi
  34 plants
  42 spectral weapons
  2 starspawn tentacles (Abyss:1)
  11 toadstools (Swamp:3)
128 creatures vanquished.

Grand Total: 2097 creatures vanquished

Notes
Turn   | Place    | Note
--------------------------------------------------------------
     0 | D:1      | Goblin1989 the Spriggan Assassin began the quest for the Orb.
     0 | D:1      | Reached XP level 1. HP: 10/10 MP: 2/2
   263 | D:1      | Reached skill level 6 in Stealth
   696 | D:2      | Reached XP level 2. HP: 14/14 MP: 3/3
   768 | D:2      | Noticed Terence
   780 | D:2      | Killed Terence
   780 | D:2      | Reached XP level 3. HP: 18/18 MP: 4/4
  1123 | D:2      | Noticed Jessica
  1125 | D:2      | Killed Jessica
  1125 | D:2      | Reached XP level 4. HP: 22/22 MP: 5/5
  1243 | D:2      | Noticed Robin
  1302 | D:2      | Killed Robin
  1302 | D:2      | Reached skill level 7 in Stealth
  2272 | D:3      | Reached skill level 5 in Short Blades
  2272 | D:3      | Reached XP level 5. HP: 21/25 MP: 6/6
  2320 | D:3      | Found a stormy altar of Qazlal.
  2911 | D:4      | Reached XP level 6. HP: 30/30 MP: 7/7
  2932 | D:4      | Found a staircase to the Ecumenical Temple.
  2934 | D:4      | Noticed Dowan
  2937 | D:4      | Noticed Duvessa
  2940 | Temple   | Entered the Ecumenical Temple
  2947 | Temple   | Became a worshipper of Dithmenos the Shadowed
  2961 | D:4      | Killed Dowan
  3030 | D:4      | Killed Duvessa
  3030 | D:4      | Reached skill level 8 in Stealth
  3154 | D:4      | Noticed Goblin1989's ghost (amateur DsFi)
  3515 | D:4      | Noticed Blork the orc
  3525 | D:4      | Killed Blork the orc
  3779 | D:4      | Reached XP level 7. HP: 21/34 MP: 8/8
  4047 | D:5      | Entered Level 5 of the Dungeon
  4304 | D:5      | Reached * piety under Dithmenos
  4686 | D:6      | Reached skill level 9 in Stealth
  4711 | D:6      | Reached skill level 5 in Dodging
  4711 | D:6      | Reached XP level 8. HP: 39/39 MP: 9/9
  5762 | D:6      | Reached skill level 10 in Stealth
  6300 | D:8      | Reached XP level 9. HP: 35/45 MP: 10/10
  6618 | D:8      | Noticed a three-headed hydra
  6622 | D:8      | Killed a three-headed hydra
  6622 | D:8      | Reached skill level 10 in Short Blades
  6622 | D:8      | Reached skill level 11 in Stealth
  6980 | D:8      | Reached skill level 5 in Fighting
  7020 | D:8      | Reached ** piety under Dithmenos
  7485 | D:8      | Reached XP level 10. HP: 51/51 MP: 11/11
  7756 | D:9      | Learned a level 3 spell: Regeneration
  7760 | D:9      | Learned a level 3 spell: Spectral Weapon
  7763 | D:9      | Learned a level 2 spell: Shroud of Golubria
  7904 | D:9      | Reached skill level 10 in Dodging
  8346 | D:9      | Found a staircase to the Lair.
  8459 | D:9      | Found an iron altar of Okawaru.
  8613 | D:9      | Reached skill level 12 in Stealth
  8697 | D:9      | Found a snail-covered altar of Cheibriados.
  8697 | D:9      | Found an opulent altar of Gozag.
  8811 | D:9      | Reached *** piety under Dithmenos
  8871 | D:10     | Entered Level 10 of the Dungeon
  9544 | D:10     | Found a staircase to the Orcish Mines.
  9960 | D:10     | Noticed a hill giant
  9978 | D:10     | Killed a hill giant
 10236 | D:11     | Noticed a cyan ugly thing
 10239 | D:11     | Killed a cyan ugly thing
 10239 | D:11     | Reached XP level 11. HP: 58/58 MP: 12/12
 10245 | D:11     | Noticed Harold
 10252 | D:11     | Killed Harold
 10581 | D:11     | Noticed Erica
 10585 | D:11     | Noticed a cyclops
 10589 | D:11     | Killed Erica
 10593 | D:11     | Killed a cyclops
 10593 | D:11     | Reached skill level 5 in Shields
 10952 | D:11     | Noticed a hill giant
 10958 | D:11     | Killed a hill giant
 11263 | D:11     | Reached **** piety under Dithmenos
 11283 | D:11     | Learned a level 2 spell: Song of Slaying
 11424 | D:11     | Noticed an unseen horror
 11431 | D:11     | Killed an unseen horror
 11647 | Lair:1   | Entered Level 1 of the Lair of Beasts
 11700 | Lair:1   | Found a frozen archway.
 11709 | IceCv    | Entered an ice cave
 11939 | IceCv    | Noticed an ice devil
 12405 | Lair:1   | Noticed Joseph
 12431 | Lair:1   | Killed Joseph
 12431 | Lair:1   | Reached XP level 12. HP: 21/63 MP: 13/13
 12718 | Lair:1   | Reached skill level 13 in Stealth
 12992 | Lair:2   | Noticed a four-headed hydra
 12999 | Lair:2   | Killed a four-headed hydra
 12999 | Lair:2   | Reached skill level 1 in Necromancy
 13345 | Lair:2   | Reached skill level 1 in Spellcasting
 13691 | Lair:2   | Noticed Sonja
 13698 | Lair:2   | Killed Sonja
 14541 | Lair:3   | Found a labyrinth entrance.
 14586 | Lair:3   | Reached skill level 5 in Charms
 14835 | Lair:3   | Found a hole to the Spider Nest.
 14880 | Lab      | Entered a labyrinth
 15006 | Lab      | Noticed a minotaur
 15009 | Lab      | Killed a minotaur
 15020 | Lab      | Learned a level 6 spell: Haste
 15022 | Lair:3   | Identified a +7 rod of shadows (14/14) (You found it in a labyrinth)
 15199 | Lair:3   | Reached ***** piety under Dithmenos
 15301 | Lair:3   | Found a staircase to the Swamp.
 15954 | Lair:4   | Reached skill level 5 in Necromancy
 16311 | Lair:4   | Reached XP level 13. HP: 68/68 MP: 20/20
 16318 | Lair:4   | Learned a level 5 spell: Phase Shift
 16384 | Lair:4   | Reached skill level 1 in Hexes
 16781 | Lair:4   | Reached skill level 5 in Spellcasting
 17878 | Lair:5   | Reached skill level 14 in Dodging
 17882 | Lair:5   | Reached skill level 10 in Charms
 19642 | Lair:6   | Found a staircase to the Slime Pits.
 19768 | Lair:7   | Reached skill level 1 in Translocations
 20453 | Lair:8   | Entered Level 8 of the Lair of Beasts
 20499 | Lair:8   | Reached XP level 14. HP: 71/75 MP: 21/25
 20808 | Lair:4   | Reached skill level 5 in Translocations
 21027 | Orc:1    | Entered Level 1 of the Orcish Mines
 21046 | Orc:1    | Noticed Snorg
 21089 | Orc:1    | Killed Snorg
 21196 | Orc:2    | Noticed Fannar
 21590 | Orc:2    | Killed Fannar
 21590 | Orc:2    | Reached skill level 15 in Dodging
 21705 | Orc:2    | Noticed Urug
 21988 | Orc:2    | Killed Urug
 22553 | Orc:3    | Found a staircase to the Elven Halls.
 22670 | Orc:3    | Reached ****** piety under Dithmenos
 22750 | Orc:3    | You fall through a shaft!
 22750 | Orc:4    | Entered Level 4 of the Orcish Mines
 23705 | Orc:4    | Found Qyquhioz's Weapon Shop.
 23705 | Orc:4    | Found Teicomniaw's Gadget Emporium.
 23705 | Orc:4    | Found Poefupew's Distillery.
 23705 | Orc:4    | Found Qois's Armour Shop.
 24008 | Orc:4    | Bought a potion of cure mutation for 350 gold pieces
 24008 | Orc:4    | Bought a potion of poison for 10 gold pieces
 24008 | Orc:4    | Bought a potion of ambrosia for 80 gold pieces
 24008 | Orc:4    | Bought a potion of invisibility for 80 gold pieces
 24008 | Orc:4    | Bought a potion of might for 40 gold pieces
 24008 | Orc:4    | Bought a potion of cancellation for 80 gold pieces
 24261 | Orc:4    | Cast into the Abyss (an ogre mage)
 24329 | Abyss:1  | Gained mutation: You occasionally shout uncontrollably at your foes. [a neqoxec]
 24362 | Abyss:1  | Lost mutation: You occasionally shout uncontrollably at your foes. [potion of cure mutation]
 24405 | Abyss:1  | Identified 2 scrolls of acquirement
 24529 | Abyss:1  | jacquesderrida: gremlin ty che v abysse ty gremlin ty zhe ne mozhesh tam dyshat!
 24667 | Abyss:1  | Noticed an Executioner
 24809 | Abyss:1  | Found a corrupted altar of Lugonu.
 24989 | Abyss:1  | Noticed a revenant
 25059 | Abyss:1  | Noticed a tentacled starspawn
 25106 | Orc:4    | Escaped the Abyss
 26289 | Lair:7   | Reached skill level 10 in Fighting
 27272 | Lair:8   | Reached skill level 10 in Spellcasting
 27431 | Lair:8   | DEFE: hi
 27436 | Lair:8   | DEFE: !decentchar defe
 27436 | Lair:8   | beem: The RNG chooses: OgFE
 27505 | Lair:8   | Reached skill level 16 in Dodging
 27525 | Lair:8   | DEFE: !decentchar defe
 27525 | Lair:8   | beem: The RNG chooses: TrHu
 27525 | Lair:8   | Goblin1989: огром можно попробовать
 27685 | Lair:8   | Reached XP level 15. HP: 67/80 MP: 24/30
 27809 | Lair:8   | DEFE: !decentchar defe
 27818 | Lair:8   | beem: The RNG chooses: VpMo
 29829 | D:12     | DEFE: !decentchar defe
 29836 | D:12     | beem: The RNG chooses: DsFE
 29968 | D:12     | DEFE: !decentchar defe
 29968 | D:12     | beem: The RNG chooses: NaEn
 29982 | D:12     | Learned a level 6 spell: Deflect Missiles
 29982 | D:12     | DEFE: !decentchar defe
 29982 | D:12     | beem: The RNG chooses: DDHu
 29991 | D:12     | Learned a level 8 spell: Death's Door
 30094 | D:12     | Found a corrupted altar of Lugonu.
 30243 | D:12     | Reached skill level 17 in Dodging
 30248 | D:12     | Reached skill level 15 in Stealth
 30756 | D:13     | Noticed Azrael
 30784 | D:13     | Noticed Maud
 30786 | D:13     | Killed Maud
 30857 | D:13     | Found Vehoikiez's Weapon Boutique.
 31019 | D:12     | DEFE: !decentchar defe
 31023 | D:12     | beem: The RNG chooses: HONe
 31475 | D:13     | Killed Azrael
 31516 | D:13     | Learned a level 3 spell: Passwall
 31833 | D:14     | Found a gate to the Vaults.
 31851 | D:14     | Noticed Frances
 32081 | D:14     | Killed Frances
 32205 | D:15     | Entered Level 15 of the Dungeon
 32251 | D:15     | Reached XP level 16. HP: 87/87 MP: 33/33
 32303 | D:15     | jacquesderrida: Defir and gremlin
 32406 | D:15     | Gained mutation: Your system is resistant to poisons. [potion of beneficial mutation]
 32586 | D:15     | Learned a level 2 spell: Sublimation of Blood
 32613 | D:15     | Found a staircase to the Depths.
 33518 | Spider:1 | Entered Level 1 of the Spider Nest
 33625 | Spider:1 | Got a blackened trident
 35497 | Spider:2 | Got an iridescent dagger
 35498 | Spider:2 | Identified the +6 dagger of Power {pierce, rPois rF+ Dex+3 Stlth-} (You found it on level 2 of the Spider Nest)
 36060 | Spider:2 | Reached skill level 1 in Air Magic
 36111 | Spider:2 | Reached skill level 18 in Dodging
 37197 | Spider:3 | Noticed Kirke
 37199 | Spider:3 | Killed Kirke
 37879 | Spider:4 | Entered Level 4 of the Spider Nest
 37954 | Spider:4 | Reached skill level 1 in Invocations
 38364 | Spider:4 | Reached XP level 17. HP: 69/91 MP: 34/36
 38917 | Spider:4 | Reached skill level 15 in Spellcasting
 39617 | Swamp:1  | Entered Level 1 of the Swamp
 39676 | Swamp:1  | Noticed Nikola
 39755 | Swamp:1  | Killed Nikola
 39791 | Swamp:1  | jacquesderrida: It's hui
 40752 | Swamp:2  | Reached skill level 19 in Dodging
 40769 | Swamp:2  | Goblin1989: lol!!!!
 40769 | Swamp:2  | Goblin1989: а я думаю чего оно так тяжело табается!
 40769 | Swamp:2  | Goblin1989: короче ребята
 40769 | Swamp:2  | Goblin1989: я без брони протабал спайдеры полностью
 40769 | Swamp:2  | Goblin1989: я крут
 40769 | Swamp:2  | Goblin1989: но я лох
 40787 | Swamp:2  | Reached skill level 5 in Air Magic
 40843 | Swamp:2  | Found a stormy altar of Qazlal.
 41271 | Swamp:2  | Reached skill level 1 in Armour
 41363 | Swamp:2  | ReniFell: Лол что
 41363 | Swamp:2  | ReniFell: сп имба
 41363 | Swamp:2  | ReniFell: нерф
 41412 | Swamp:2  | Reached skill level 5 in Invocations
 42434 | Elf:1    | Entered Level 1 of the Elven Halls
 42464 | Elf:1    | Found a flickering gateway to a bazaar.
 42474 | Bazaar   | Entered a bazaar
 42478 | Bazaar   | Found Bimaz's Magic Scroll Boutique.
 42482 | Bazaar   | Found Rajiecwel's Antique Armour Boutique.
 42482 | Bazaar   | Found Ykkeodgh's Gadget Boutique.
 42483 | Bazaar   | Found Caddov's Armour Boutique.
 42522 | Bazaar   | Bought a scroll of remove curse for 39 gold pieces
 42522 | Bazaar   | Bought a scroll of enchant weapon for 97 gold pieces
 42522 | Bazaar   | Bought a scroll of identify for 26 gold pieces
 42522 | Bazaar   | Bought a scroll of remove curse for 39 gold pieces
 42522 | Bazaar   | Bought a scroll of remove curse for 39 gold pieces
 42522 | Bazaar   | Bought a scroll of teleportation for 39 gold pieces
 42522 | Bazaar   | Bought a scroll of teleportation for 39 gold pieces
 42522 | Bazaar   | Bought a scroll of identify for 26 gold pieces
 42544 | Bazaar   | Bought an ornate deck of wonders for 200 gold pieces
 42724 | Elf:1    | Noticed Aizul
 42772 | Orc:3    | Killed Aizul
 44949 | Elf:2    | Found Koilowk's Weapon Shop.
 45324 | Elf:2    | Found Miles's Weapon Emporium.
 45383 | Elf:2    | Reached XP level 18. HP: 96/96 MP: 39/39
 45434 | Elf:2    | Found Pissoras's Gadget Shop.
 45511 | Elf:2    | Found Balaepa's Food Shoppe.
 45526 | Elf:2    | Bought a royal jelly for 22 gold pieces
 45526 | Elf:2    | Bought 4 fruits for 66 gold pieces
 45526 | Elf:2    | Bought a slice of pizza for 16 gold pieces
 45704 | Elf:2    | Found a huge runed gate.
 45704 | Elf:2    | Found a huge runed gate.
 45705 | Elf:2    | Found a huge runed gate.
 46205 | Elf:2    | Reached skill level 10 in Invocations
 47180 | Spider:4 | Got a gossamer rune of Zot
 48201 | Swamp:3  | Got a shimmering buckler
 48231 | Swamp:3  | Identified the +1 buckler of the Sky {Dex+2} (You found it on level 3 of the Swamp)
 48550 | Swamp:4  | Entered Level 4 of the Swamp
 49092 | Swamp:4  | Learned a level 1 spell: Apportation
 49185 | Swamp:4  | Learned a level 4 spell: Passage of Golubria
 49911 | Swamp:4  | Got a decaying rune of Zot
 50700 | D:12     | Learned a level 2 spell: Repel Missiles
 50761 | Vaults:1 | Entered Level 1 of the Vaults
 51205 | Vaults:1 | Got a jewelled hat
 51263 | Vaults:1 | Reached XP level 19. HP: 104/104 MP: 40/40
 51428 | Vaults:1 | Noticed Norris
 51485 | Vaults:1 | Killed Norris
 51880 | Vaults:1 | Reached skill level 20 in Dodging
 52067 | Vaults:1 | Reached skill level 1 in Transmutations
 52556 | Vaults:1 | Identified the +2 hat "Ikenn" {-Tele MP+9 Str+4} (You found it on level 1 of the Vaults)
 52804 | Vaults:2 | Found Weufuoph's Book Emporium.
 53468 | Vaults:2 | Got a faintly glowing trident
 54821 | Vaults:3 | Reached skill level 5 in Transmutations
 55322 | Vaults:3 | Noticed Frederick
 55439 | Vaults:3 | Found a staircase to the Crypt.
 55629 | Vaults:3 | Reached XP level 20. HP: 107/111 MP: 43/43
 56637 | Vaults:3 | Killed Frederick
 56806 | Vaults:3 | Reached skill level 1 in Evocations
 56820 | Vaults:3 | Got a warped arbalest
 57237 | Vaults:4 | Got a pitted tin ring
 57289 | Vaults:4 | Identified the ring of Ydoh {rElec rF+ rN++ SInv} (You found it on level 4 of the Vaults)
 57357 | Vaults:4 | Noticed Sojobo
 57767 | Vaults:4 | Noticed Mara
 58261 | Elf:3    | Entered Level 3 of the Elven Halls
 58640 | Elf:3    | Reached skill level 21 in Dodging
 59586 | Elf:3    | Got a bound lapis lazuli ring
 60132 | Elf:3    | Got a scorched steel ring
 60598 | Elf:3    | Identified the ring of Womuughi {SInv Stlth+} (You took it off a deep elf annihilator on level 3 of the Elven Halls)
 60600 | Elf:3    | Identified the ring "Uklakus" {rPois rF- Dex+10} (You took it off a deep elf annihilator on level 3 of the Elven Halls)
 61025 | Vaults:2 | Reached skill level 5 in Evocations
 61780 | Elf:3    | Got a scintillating amber ring
 61974 | Elf:3    | Got a crystal scimitar {venom}
 61975 | Elf:3    | Identified the ring "Horuetop" {rF+ Int+7 Stlth-} (You took it off a deep elf death mage on level 3 of the Elven Halls)
 62046 | Elf:3    | Reached skill level 22 in Dodging
 62229 | Elf:3    | Reached XP level 21. HP: 77/115 MP: 34/46
 62342 | Elf:3    | Got a shimmering hand axe {freeze}
 62374 | Elf:3    | Identified the +4 hand axe of Extremism {freeze, +Fly} (You took it off a deep elf sorcerer on level 3 of the Elven Halls)
 62626 | Elf:3    | Got a pitted dagger {elec}
 62627 | Elf:3    | Identified the +7 dagger of the Scavenger {elec, MR++} (You took it off a deep elf annihilator on level 3 of the Elven Halls)
 62650 | Elf:3    | Identified Unav's Reference Book on Stolen Souls
 63558 | Depths:1 | Entered Level 1 of the Depths
 63893 | Depths:1 | Found a gateway to Hell.
 63980 | Depths:1 | Found a one-way gate to the infinite horrors of the Abyss.
 63980 | Depths:1 | Noticed Louise
 64031 | Depths:1 | Killed Louise
 64491 | Depths:1 | Found a portal to a secret trove of treasure.
 64923 | Depths:1 | Reached skill level 10 in Evocations
 67684 | Depths:2 | Killed from afar by a wind drake

Action                   |  1- 3 |  4- 6 |  7- 9 | 10-12 | 13-15 | 16-18 | 19-21 || total
-------------------------+-------+-------+-------+-------+-------+-------+-------++-------
Melee: Dagger            |    47 |   131 |       |       |       |   390 |       ||   568
       Short sword       |       |    18 |   279 |  1082 |  3923 |  2332 |       ||  7634
       Quick blade       |       |       |       |       |       |  1382 |  5050 ||  6432
 Fire: Blowgun           |    19 |    25 |    12 |     3 |    11 |    68 |     5 ||   143
Throw: Throwing net      |       |       |       |       |       |     6 |       ||     6
 Cast: Regeneration      |       |       |       |     2 |    31 |    89 |    75 ||   197
       Song of Slaying   |       |       |       |       |     4 |     6 |    14 ||    24
       Phase Shift       |       |       |       |       |     4 |     4 |     6 ||    14
       Shroud of Golubri |       |       |       |       |     7 |    11 |     6 ||    24
       Spectral Weapon   |       |       |       |       |     1 |    88 |    57 ||   146
       Haste             |       |       |       |       |     1 |       |     3 ||     4
       Apportation       |       |       |       |       |       |     6 |    11 ||    17
       Repel Missiles    |       |       |       |       |       |     1 |     1 ||     2
       Passage of Golubr |       |       |       |       |       |       |     8 ||     8
Invok: Shadow Step       |       |       |       |       |    16 |    13 |     7 ||    36
 Abil: Stop Singing      |       |       |       |       |       |     3 |     8 ||    11
Evoke: Wand              |       |       |       |     2 |    13 |    13 |     2 ||    30
  Use: Scroll            |       |       |     9 |     9 |    16 |    24 |    12 ||    70
       Potion            |       |       |       |     4 |     6 |    10 |     6 ||    26
 Stab: Sleeping          |     5 |    21 |    32 |    62 |   108 |   109 |    97 ||   434
       Distracted        |       |       |       |    12 |    25 |    58 |    59 ||   154
       Held in net/web   |       |       |       |       |       |     5 |       ||     5
       Confused          |       |       |       |       |       |     1 |       ||     1
  Eat: Bread ration      |       |       |     1 |       |       |     3 |     5 ||     9
       Pizza             |       |       |       |     6 |       |     4 |     1 ||    11
       Fruit             |       |       |       |       |    35 |    16 |     4 ||    55
       Royal jelly       |       |       |       |       |       |     2 |     1 ||     3

Vault maps used:
D:1:      evilmike_arrival_hilbert_curve
D:2:      first_bread, minmay_misc_feat_roman, uniq_jessica,
          uniq_crazy_yiuf_cottage, uniq_terence, uniq_robin
D:3:      nicolae_overflow_hidden_temple
D:4:      minmay_temple_entry_purple_smoke, uniq_duvessa, uniq_blork_the_orc
D:7:      gammafunk_temple_overflow_forgotten, uniq_menkaure
D:8:      hangedman_ranch
D:9:      old_forge, gammafunk_temple_overflow_wave, lair_0_dummy, basic_altar
D:10:     orc_0_dummy
D:11:     wad_woods_minihive, st_stairs_14, uniq_harold, uniq_erica
D:12:     kennysheep_kobold_lugonu_temple, serial_ice, serial_ice_d,
          serial_ice_m, serial_ice_i, serial_ice_f, nicolae_zen_rock_garden
D:13:     serial_shops, shop, uniq_maud, uniq_azrael
D:14:     david_vaults_2, minmay_staircase_statues, uniq_frances
D:15:     grunt_enter_depths_hoard, minivault_22, uniq_urug
Temple:   circular_temple_13
Lair:1:   portal_ice_cave_entry_pillars_01, serial_bayou_pond_a,
          serial_bayou_shore_b, infiniplex_staircase_pool, uniq_joseph
Lair:2:   uniq_sonja
Lair:3:   boulder_dual_corridor_run, minmay_swamp_entry_worms,
          spider_nest_entry_web_field, lab_entry_generic, fungi_pond_lemuel
Lair:4:   kennysheep_basilisk_garden, grunt_megastairs_4
Lair:5:   grunt_forest_large_clearings
Lair:6:   dpeg_slime_entry_corner, serial_bayou_shore_b
Lair:8:   hangedman_lair_caniforms_friends, hangedman_lair_tendril_chambers
Swamp:1:  evilmike_swamp_ruin_rubble_2, uniq_nikola
Swamp:2:  nicolae_swamp_godswood
Swamp:3:  cheibrodos_swamp_tower_of_moss, evilmike_swamp_ruin_house_3,
          swamp_pool2, infiniplex_staircase_pool_2
Swamp:4:  swamp_basic_johnstein
Spider:1: spiders_nest_scorpion_pit, nicolae_spider_webbed_stairs
Spider:2: hangedman_stitches_earthworm
Spider:3: uniq_kirke
Spider:4: grunt_spider_rune_island, nicolae_spider_circle_web
Orc:1:    uniq_snorg
Orc:2:    sword_in_stone, uniq_fannar
Orc:3:    nicolae_orc_pool_cavern
Orc:4:    st_orc_ogre_mass
Elf:1:    serial_shops, bzr_entry_islet, hangedman_elf_represent, st_stairs_3,
          spider_trap, minmay_misc_feat_alley, grunt_ministairs_15,
          einodemon_barbed_minivault, uniq_aizul
Elf:2:    serial_shops, shop, shop_coins, shop, shop, minivault_4
Elf:3:    nooodl_elf_gasket
Vaults:1: hangedman_vaults_restitches, grunt_vaults_focal,
          vaults_standard_mumra_x, hangedman_vaults_unwind, grunt_vaults_twisty,
          vaults_room_stairs_pillars, hangedman_vaults_nodes,
          vaults_mumra_minichess, st_lines, v_misc_23,
          vaults_mumra_chevron_long, vaults_mumra_lcd,
          ontoclasm_vaults_claustrophobia, hangedman_vaults_impose,
          ontoclasm_vaults_ring_square, v_misc_23, uniq_norris
Vaults:2: vaults_mumra_hexcomb, nicolae_vaults_asterisk, grunt_vaults_diagonal,
          hangedman_vaults_trim, v_alt_pattern_2, grunt_vaults_swirl, v_misc_25,
          hangedman_vaults_hat, serial_shops, nicolae_shop_stone
Vaults:3: nicolae_vaults_mini_display_case, vaults_room_fancy_cross,
          hangedman_vaults_river_flow, v_misc_18,
          minmay_crypt_entry_simple_corners, nicolae_vaults_border_crossing,
          nicolae_vaults_yaktaur_gun_rack, vaults_room_hangedman_quadrants,
          dpeg_vaults_monster_box, ontoclasm_vaults_ring_large,
          ontoclasm_vaults_ring_square, ontoclasm_vaults_gateway, uniq_frederick
Vaults:4: nicolae_vaults_little_squares_2, v_misc_10, st_cells,
          ontoclasm_vaults_chip, grunt_vaults_hallway_short, v_alt_pattern_2,
          v_pattern_4, v_alt_pattern_3, vaults_room_pool,
          hangedman_vaults_impose, ontoclasm_vaults_fault,
          ontoclasm_vaults_spin, grunt_vaults_funnel, v_misc_15, uniq_mara,
          uniq_sojobo
Depths:1: hangedman_coc_ice_floe, enter_trove_5,
          nicolae_abyss_entry_one_way_or_another, serial_bayou_pond_e,
          corexii_leaking_fountain, water_maze_lemuel
Depths:2: radiant_caverns_a_rkd, hell_entry, serial_shops
Lab:      nicolae_lab_statue, nicolae_lab_dead_end, labyrinth_lava_lair,
          nicolae_lab_quarters
Bazaar:   bazaar_minmay_cross
IceCv:    ice_cave_tombish
